 Dungeon Crawl Stone Soup version 0.26-a0-259-g1effd001a9 (webtiles) character file.

Game seed: 11695018730773550232

0 Isaac123 the Sneak (level 1, -1/9 HPs)
             Began as a Spriggan Enchanter on July 17, 2020.
             Slain by a kobold (4 damage)
             ... on level 1 of the Dungeon.
             The game lasted 00:00:57 (180 turns).

Isaac123 the Sneak (Spriggan Enchanter)              Turns: 180, Time: 00:00:58

Health: -1/9       AC:  2    Str:  4    XL:     1   Next: 8%
Magic:  5/5        EV: 18    Int: 16    God:
Gold:   10         SH:  0    Dex: 16    Spells: 4/5 levels left

rFire    . . .     SeeInvis +   a - +1 dagger
rCold    . . .     Faith    .   (shield restricted)
rNeg     . . .     Spirit   .   b - +0 robe
rPois    .         Reflect  .   (helmet restricted)
rElec    .         Harm     .   (no cloak)
rCorr    .                      (gloves unavailable)
MR       .....                  (boots unavailable)
Stlth    +++.......             (no amulet)
HPRegen  0.03/turn              (no ring)
MPRegen  0.09/turn              (no ring)

@: very quick
A: very small, unfitting armour, see invisible, herbivore, speed 3, slow
metabolism 2
a: no special abilities


You were on level 1 of the Dungeon.
You were not hungry.

You visited 1 branch of the dungeon, and saw 1 of its levels.

You collected 10 gold pieces.

Inventory:

Hand Weapons
 a - a +1 dagger (weapon)
Armour
 b - a +0 robe (worn)
Scrolls
 c - a scroll of remove curse {unknown}
Comestibles
 e - 2 rations {!d}


   Skills:
 + Level 1.1 Short Blades
 - Level 3.0 Dodging
 * Level 4.4 Stealth
 - Level 2.6 Spellcasting
 - Level 3.6 Hexes


You had 4 spell levels left.
You knew the following spells:

 Your Spells              Type           Power        Failure   Level
a - Corona                Hex            ##.....      4%          1

Your spell library contained the following spells:

 Spells                   Type           Power        Failure   Level
 Confusing Touch          Hex            ##......     13%         3
 Tukima's Dance           Hex            ##......     13%         3
 Ensorcelled Hibernation  Hex/Ice        #.....       14%         2
 Dazzling Flash           Conj/Hex       #.....       28%         3


Dungeon Overview and Level Annotations

Branches:
Dungeon (1/15)

Altars:
Xom


Innate Abilities, Weirdness & Mutations

You are very small and have problems with some larger weapons.
You are too small for most types of armour.
You have supernaturally acute eyesight. (SInv)
You are a herbivore.
You cover ground extremely quickly.
You need to consume almost no food.


Message History

Found 10 gold pieces.
No target in view!
You now have 10 gold pieces.
Found a hand axe.
Found a shimmering altar of Xom.
You see here a hand axe.
A bat comes into view.
A bat is nearby!
You hit the bat but do no damage. The bat hits you but does no damage.
The bat misses you.
You hit the bat. The bat barely misses you. The bat barely misses you.
You hit the bat. The bat closely misses you.
You barely miss the bat. The bat closely misses you.
You hit the bat but do no damage. The bat hits you but does no damage.
You hit the bat.
You kill the bat!
No target in view!
No target in view!
You see here a bat corpse.
Found a stone staircase leading down.
A hobgoblin comes into view.
The hobgoblin shouts!
You barely miss the hobgoblin. The hobgoblin closely misses you.
You hit the hobgoblin but do no damage. The hobgoblin hits you.
You are too injured to fight recklessly!
You are too injured to fight recklessly!
You are too injured to fight recklessly!
You are too injured to fight recklessly!
You hit the hobgoblin but do no damage. You barely miss the hobgoblin.
The hobgoblin misses you.
You barely miss the hobgoblin. The hobgoblin hits you.
* * * LOW HITPOINT WARNING * * *
A gnoll comes into view. It is wielding a +0 spear.
A kobold comes into view.
Really walk into that teleport trap?
You enter a teleport trap!
The teleport trap disappears.
Your surroundings suddenly seem different.
You open the door.
A kobold comes into view.
You are too injured to fight recklessly!
You are too injured to fight recklessly!
A kobold is nearby!
There is an open door here.
Found 3 scrolls labeled VORGHO CIXE.
The kobold throws a stone.
The stone hits you.
* * * LOW HITPOINT WARNING * * *
You see here a stone.
You hit the kobold. The kobold hits you.
You die...

. .#. #.##.#..#+#
.##..##....#.#..#
...##..#..##...'
#..##.#.....#..#
#..#.##........#
#..##.#.#...##+# #####
#..##...###..#
#.....###(.'......#...
......K@...#....##.....
#.....####.##.#......#+#
#.... #.##....#.. #...
#.##......# #..
#.###.#...# ## #..
.#.... ##? ## .#


You could see a kobold.

Vanquished Creatures
  A bat (D:1)
1 creature vanquished.

Notes
Turn   | Place    | Note
-------+----------+-------------------------------------------
     0 | D:1      | Isaac123 the Spriggan Enchanter began the quest for the
                  | Orb.
     0 | D:1      | Reached XP level 1. HP: 9/9 MP: 5/5
    60 | D:1      | Found a shimmering altar of Xom.
   180 | D:1      | Slain by a kobold

Illustrated notes

Levels and vault maps discovered:
D:1:      arrival_zaba_pyramid, layout_basic, xom_teletrap_fun

Action                   || total
-------------------------++-------
Melee: Dagger            ||    12
Armor: Robe              ||     2
Dodge: Dodged            ||     7

Table legend:
 A = Non-vault XP
 B = Vault XP
 C = Vault XP percentage of total XP
 D = Non-vault monster count
 E = Vault monster count
 F = Vault count percentage of total count
                 A         B        C        D         E       F
            +---------+---------+-------+---------+---------+-------
      Total |       1 |       0 |   0.0 |       1 |       0 |   0.0
            +---------+---------+-------+---------+---------+-------
        D:1 |       1 |       0 |   0.0 |       1 |       0 |   0.0
            +---------+---------+-------+---------+---------+-------
